 Dungeon Crawl Stone Soup version 0.26.0-10-g1f06aea511 (webtiles) character file.

Game seed: 15925892641213737159

16515 Dirian the Carver (level 12, -3/116 HPs)
             Began as a Minotaur Fighter on Jan 21, 2021.
             Was a High Priest of Lugonu.
             Slain by a sun demon (18 damage)
             ... summoned by a deep elf mage
             ... while paralysed by a chaos spawn
             ... on level 12 of the Dungeon.
             The game lasted 00:24:30 (14470 turns).

Dirian the Carver (Minotaur Fighter)               Turns: 14470, Time: 00:24:30

Health: -3/116     AC: 13    Str: 24    XL:     12   Next: 10%
Magic:  17/17      EV:  2    Int:  5    God:    Lugonu [*****.]
Gold:   705        SH:  0    Dex: 16    Spells: 11/11 levels left

rFire    . . .     SeeInvis .   k - +0 scimitar
rCold    + + .     Faith    .   c - +0 kite shield
rNeg     . . .     Spirit   .   o - +2 scale mail {rC+}
rPois    .         Reflect  .   (helmet restricted)
rElec    .         Harm     .   (no cloak)
rCorr    .         Rampage  .   p - +0 pair of gloves
Will     +....                  l - +0 pair of boots
Stlth    ..........             (no amulet)
HPRegen  0.29/turn              g - +6 ring of dexterity
MPRegen  0.15/turn              j - ring of protection from cold

@: paralysed
A: retaliatory headbutt, horns 2, clumsy 1, strong-willed 1, robust 1
a: Renounce Religion, Depart the Abyss, Bend Space, Banish, Corrupt, Enter the
Abyss


You were on level 12 of the Dungeon.
You worshipped Lugonu.
Lugonu was extremely pleased with you.
You visited 1 branch of the dungeon, and saw 12 of its levels.
You also visited: Sewer.

You collected 705 gold pieces.

Inventory:

Hand Weapons
 a - a +1 long sword
 k - a +0 scimitar (weapon)
Armour
 c - a +0 kite shield (worn)
 l - a +0 pair of boots (worn)
 o - a +2 scale mail of cold resistance (worn)
 p - a +0 pair of gloves (worn)
 s - a +0 plate armour
Jewellery
 g - a +6 ring of dexterity (left hand)
 j - a ring of protection from cold (right hand)
 E - an uncursed amulet of regeneration
 F - an uncursed ring of poison resistance {unknown}
Wands
 e - a wand of disintegration (22)
 i - a wand of polymorph (12)
 A - a wand of iceblast (17)
 D - a wand of flame (12)
Scrolls
 r - 2 scrolls of identify
 t - 11 scrolls of teleportation
 u - 2 scrolls of immolation
 v - 3 scrolls of magic mapping
 x - 4 scrolls of remove curse
 y - a scroll of enchant weapon
 z - a scroll of blinking
Potions
 b - a potion of ambrosia
 d - a potion of might
 f - 3 potions of magic
 h - 2 potions of haste
 m - 3 potions of flight
 n - a potion of attraction
 q - a potion of curing
 w - a potion of heal wounds
 B - a potion of mutation
 C - a potion of berserk rage {unknown}


   Skills:
 + Level 9.7 Fighting
 + Level 13.8 Long Blades
 + Level 10.0 Armour
 - Level 5.0 Dodging
 + Level 6.6 Shields
 * Level 8.2 Invocations
 - Level 5.0 Evocations


You had 11 spell levels left.
You didn't know any spells.
Your spell library contained the following spells:

 Spells                   Type           Power        Failure   Level
 Sandblast                Erth           0%           97%         1
 Passwall                 Tmut/Erth      0%           99%         2
 Stone Arrow              Conj/Erth      0%           100%        3
 Petrify                  Tmut/Erth      0%           100%        4
 Lee's Rapid Deconstruct  Erth           0%           100%        5


Dungeon Overview and Level Annotations

Branches:
Dungeon (12/15)            Temple (0/1) D:6            Lair (0/6) D:8
  Sewer (visited)
    Orc: D:9-12

Altars:
Elyvilon
Fedhas
Nemelex Xobeh
Qazlal
Uskayaw
Vehumet
Wu Jian
Xom
Lugonu

Shops:
D:5 [

Portals:
Abyss: D:3

Annotations:
D:11 corrupted, 2 transporters, exclusion: door
Abyss:1 Maurice


Innate Abilities, Weirdness & Mutations

You reflexively headbutt those who attack you in melee.
You have a pair of horns on your head.
You are clumsy. (Dex -2)
You are strong-willed. (Will+)
You are robust. (+10% HP)


Message History

Reactivating autopickup.
You block the sky beast's attack. You block the deep elf mage's attack.
The chaos spawn completely misses you.
You slash the sky beast!
You kill the sky beast!
Lugonu accepts your kill. You block the deep elf mage's attack.
You hit the chaos spawn but do no damage.
The chaos spawn is heavily wounded.
The chaos spawn hits you!
You suddenly lose the ability to move!
The sun demon hits you!!
You are engulfed in flames!!
The deep elf mage gestures wildly while chanting.
The deep elf mage blinks!
The sun demon hits you!
You are engulfed in flames!
* * * LOW HITPOINT WARNING * * *
The chaos spawn hits you but does no damage.
The sun demon hits you!
* * * LOW HITPOINT WARNING * * *
You are engulfed in flames!!
You die...

..............
#....>........
#.............
..8...8....
.........
#.8...# #4§3#
#### #@)#
#..## #†≈#
#...# #e.#
#...## #..#
#....#####..#
#........?..#
#...##.....##
##..#########
##...##


You could see a sun demon (summoned), a deep elf mage and a chaos spawn
(summoned).

Vanquished Creatures
  Gastronok (D:9)
  A hydra (D:11)
  A boulder beetle (D:11)
  A two-headed ogre (D:10)
  A manticore (D:11)
  A cyclops (D:11)
  Psyche (D:9)
  A gargoyle (D:11)
  2 trolls
  A tyrant leech (D:10)
  A slime creature (D:12)
  15 yaks
  A basilisk (D:8)
  Eustachio (D:4)
  4 wyverns
  A steam dragon (D:9)
  2 swamp worms (D:10)
  Edmund (D:6)
  2 water moccasins (D:8)
  6 orc warriors
  2 sky beasts
  An ice beast (D:10)
  2 phantoms
  A black bear (D:10)
  11 ogres
  2 eyes of draining
  4 centaurs
  The ghost of IHuginn the Skirmisher, an amateur GrMo (D:3)
  4 big kobolds
  7 bullfrogs
  4 scorpions
  A small abomination (D:3)
  3 killer bees (D:8)
  9 howler monkeys
  3 bullfrog zombies
  A centaur zombie (D:10)
  2 quasits
  8 hounds
  11 orc priests
  16 orc wizards
  3 bullfrog skeletons
  3 jellies
  3 centaur skeletons
  4 iguanas
  8 worker ants
  A hound zombie (D:3)
  3 hound skeletons
  4 gnolls
  8 adders
  A shadow imp (D:5)
  5 white imps
  2 ufetubi
  3 oozes
  6 adder skeletons
  A worm (Sewer)
  4 dart slugs
  10 leopard geckos
  50 orcs
  5 ball pythons
  4 giant cockroaches
  7 goblins
  3 hobgoblins
  12 jackals
  10 kobolds
  5 quokkas
  A ball python skeleton (D:4)
  8 bats
  5 frilled lizards
  A jackal skeleton (D:8)
  A quokka skeleton (D:5)
  A quokka zombie (D:9)
  12 rats
332 creatures vanquished.

Vanquished Creatures (others)
  A bullfrog (D:11)
  5 wights (D:11)
  A centaur skeleton (D:11)
  An orc priest (D:11)
  4 orc wizards (D:11)
  7 orcs (D:11)
  A bush (D:8)
  5 fungi (D:8)
  30 plants
55 creatures vanquished.

Grand Total: 387 creatures vanquished

Notes
Turn   | Place    | Note
-------+----------+-------------------------------------------
     0 | D:1      | Dirian the Minotaur Fighter began the quest for the Orb.
     0 | D:1      | Reached XP level 1. HP: 19/19 MP: 0/0
   312 | D:1      | Reached XP level 2. HP: 23/27 MP: 1/1
  1092 | D:1      | Reached XP level 3. HP: 16/33 MP: 2/2
  1249 | D:1      | Reached skill level 3 in Long Blades
  1259 | D:1      | Reached skill level 1 in Evocations
  1465 | D:2      | Reached XP level 4. HP: 39/40 MP: 3/3
  1547 | D:2      | Found a shimmering altar of Xom.
  2133 | D:3      | Found a transporter.
  2137 | D:3      | Identified the +9 whip of Slimy True Grit {distort, rC+
                  | Int+4 Dex-5}
  2137 | D:3      | Noticed a big kobold
  2152 | D:3      | Found a faded altar of an unknown god.
  2176 | D:3      | Became a worshipper of Lugonu the Unformed
  2176 | D:3      | Reached * piety under Lugonu
  2176 | D:3      | Reached ** piety under Lugonu
  2276 | D:3      | Reached skill level 1 in Dodging
  2279 | D:3      | Reached XP level 5. HP: 35/47 MP: 4/4
  2368 | D:3      | Found an ornate altar of the Wu Jian Council.
  2369 | D:3      | Found a radiant altar of Vehumet.
  2392 | D:3      | Found a blossoming altar of Fedhas.
  2393 | D:3      | Found a glowing drain.
  2394 | D:3      | Found a sparkling altar of Nemelex Xobeh.
  2403 | Sewer    | Entered a sewer
  2433 | Sewer    | Reached skill level 4 in Long Blades
  2663 | Sewer    | Reached *** piety under Lugonu
  2664 | Sewer    | Reached XP level 6. HP: 48/53 MP: 5/5
  2793 | Sewer    | Reached skill level 5 in Armour
  2793 | Sewer    | Reached skill level 5 in Shields
  2910 | D:3      | Reached skill level 5 in Long Blades
  3028 | D:3      | Found a white marble altar of Elyvilon.
  3153 | D:3      | Noticed IHuginn's ghost (amateur GrMo)
  3166 | D:3      | Found a transporter.
  3497 | D:4      | Reached XP level 7. HP: 60/60 MP: 6/6
  3744 | D:4      | Reached skill level 1 in Invocations
  3814 | D:4      | Reached skill level 5 in Fighting
  3843 | D:4      | Noticed Eustachio
  3883 | D:4      | Killed Eustachio
  3884 | D:4      | Reached skill level 6 in Long Blades
  4154 | D:4      | Reached XP level 8. HP: 68/68 MP: 8/8
  4584 | D:4      | Reached **** piety under Lugonu
  4610 | D:5      | Entered Level 5 of the Dungeon
  4799 | D:5      | Found a stormy altar of Qazlal.
  4938 | D:5      | Reached skill level 7 in Long Blades
  4938 | D:5      | Found Sampuman's Antique Armour Boutique.
  5141 | D:5      | You fall into a shaft and drop 2 floors!
  5315 | D:7      | Reached skill level 8 in Long Blades
  5759 | D:7      | Reached XP level 9. HP: 31/75 MP: 10/10
  6299 | D:6      | Reached skill level 9 in Long Blades
  6672 | D:6      | Noticed Edmund
  6683 | D:6      | Killed Edmund
  7021 | D:6      | Found a staircase to the Ecumenical Temple.
  7145 | D:6      | Found a hide-covered altar of Uskayaw.
  7481 | D:3      | Killed IHuginn's ghost
  7745 | D:3      | Found a one-way gate to the infinite horrors of the Abyss.
  8045 | D:8      | Reached ***** piety under Lugonu
  8130 | D:7      | Reached skill level 5 in Evocations
  8403 | D:8      | Reached skill level 10 in Long Blades
  8744 | D:8      | Reached XP level 10. HP: 80/84 MP: 12/12
  8787 | D:8      | Reached skill level 5 in Invocations
  8850 | D:8      | Reached skill level 11 in Long Blades
  9291 | D:8      | Found a staircase to the Lair.
  9836 | D:9      | Noticed Psyche
  9852 | D:9      | Killed Psyche
 10143 | D:9      | Noticed a red ugly thing
 10143 | D:9      | Noticed Maurice
 10187 | D:9      | Banished a red ugly thing
 10416 | D:9      | Banished Maurice
 10417 | D:9      | Reached skill level 12 in Long Blades
 10577 | D:9      | Reached XP level 11. HP: 89/94 MP: 14/14
 11053 | D:9      | Noticed Gastronok
 11386 | D:9      | Gained mutation: You are strong-willed. (Will+) [potion of
                  | mutation]
 11386 | D:9      | Gained mutation: You are clumsy. (Dex -2) [potion of
                  | mutation]
 11386 | D:9      | Gained mutation: You are robust. (+10% HP) [potion of
                  | mutation]
 11737 | D:9      | Killed Gastronok
 12069 | D:10     | Entered Level 10 of the Dungeon
 12414 | D:10     | Noticed a two-headed ogre
 12429 | D:10     | Killed a two-headed ogre
 12599 | D:10     | Reached skill level 5 in Dodging
 12672 | D:10     | Reached skill level 13 in Long Blades
 13297 | D:11     | Noticed a boulder beetle
 13301 | D:11     | Killed a boulder beetle
 13348 | D:11     | Corrupted D:11
 13348 | D:11     | Noticed a revenant
 13348 | D:11     | Noticed a bone dragon
 13359 | D:11     | Noticed a shadow demon
 13363 | D:11     | Noticed a spectral anaconda
 13708 | D:11     | Noticed a seven-headed hydra
 13714 | D:11     | Killed a seven-headed hydra
 13822 | D:11     | Found a transporter.
 13824 | D:11     | Found a transporter.
 13825 | D:11     | Noticed a boulder beetle
 13836 | D:11     | Noticed a boulder beetle
 13891 | D:11     | Reached XP level 12. HP: 79/115 MP: 17/17
 14435 | D:12     | Reached skill level 10 in Armour
 14468 | D:12     | Paralysed by a chaos spawn for 7 turns
 14470 | D:12     | Slain by a sun demon

Illustrated notes

Levels and vault maps discovered:
D:1:      tarquinn_simple_flora_water_d, layout_loops_ring, minmay_pentomino_q4
D:2:      layout_basic, tgw_xom
D:3:      layout_rooms, grunt_temple_overflow_open,
          chequers_ecumenical_altar_simple, gammafunk_ghost_abyssal_escape,
          portal_sewer_entry_f
D:4:      layout_basic, uniq_eustachio
D:5:      layout_loops_ring, serial_shops, shop, nicolae_qazlal_eye_of_the_storm
D:6:      layout_rooms, kennysheep_little_box, minmay_temple_entry_butterflies,
          uniq_edmund
D:7:      layout_rooms
D:8:      layout_loops_corners, minmay_lair_entry_grove
D:9:      layout_basic, uniq_maurice, uniq_psyche, uniq_gastronok
D:10:     layout_loops_ring, worms_lemuel
D:11:     gammafunk_boulding_lane, layout_small_grid,
          minmay_fractal_squares_gapless_7
D:12:     minmay_the_grid_triangle_9x9_recursive_2
          [minmay_the_grid_triangle_9x9_prize_schism,
          minmay_the_grid_triangle_9x9_longest,
          minmay_the_grid_triangle_9x9_minimal,
          minmay_the_grid_triangle_9x9_stretched_checkered], layout_layer_cave,
          orc_0_dummy, grunt_ministairs_2, eino_small_chamber_without_monster

Skill      XL: |  1  2  3  4  5  6  7  8  9 10 11 12 |
---------------+-------------------------------------+-----
Fighting       | 4 5 6 8 9 |  9.7
Armour         | 4 5 6 7 9 10 | 10.0
Shields        | 4 5 6 |  6.6
Long Blades    | 3 4 5 6 8 10 12 13 | 13.8
Evocations     | 1 2 3 4 5 |  5.0
Dodging        | 1 2 3 4 5 |  5.0
Invocations    | 2 3 4 6 8 |  8.2

Action                   |  1- 3 |  4- 6 |  7- 9 | 10-12 || total
-------------------------+-------+-------+-------+-------++-------
Melee: Long sword        |    77 |   199 |   424 |   272 ||   972
       Headbutt          |    13 |    30 |   110 |   171 ||   324
       Scimitar          |       |       |       |   216 ||   216
Invok: Bend Space        |       |       |     2 |     1 ||     3
       Banish            |       |       |       |     3 ||     3
       Corrupt           |       |       |       |     1 ||     1
Evoke: Wand              |       |       |       |    13 ||    13
  Use: Scroll            |       |    11 |     6 |     4 ||    21
       Potion            |       |       |     3 |     2 ||     5
Armor: Scale mail        |    37 |    86 |       |    97 ||   220
       Chain mail        |       |     2 |   177 |    25 ||   204
Dodge: Dodged            |    24 |    79 |   107 |   145 ||   355
Block: Kite shield       |    50 |   105 |   210 |   223 ||   588
       Rpst.: Long sword |     6 |    25 |    30 |    18 ||    79
       Scimitar          |       |       |       |    20 ||    20
